 Dungeon Crawl Stone Soup version 0.26.0-7-g794d0892b4 (webtiles) character file.

Game seed: 14768991583354465749

165 XxsatanxX the Chopper (level 5, -2/48 HPs)
             Began as a Minotaur Berserker on Jan 11, 2021.
             Was a Believer of Trog.
             Slain by an orc
             ... wielding a +0 trident
              (6 damage)
             ... on level 3 of the Dungeon.
             The game lasted 00:02:55 (1850 turns).

XxsatanxX the Chopper (Minotaur Berserker)          Turns: 1850, Time: 00:02:56

Health: -2/48      AC:  8    Str: 21    XL:     5   Next: 21%
Magic:  4/4        EV: 11    Int:  4    God:    Trog [**....]
Gold:   148        SH:  0    Dex: 11    Spells: 4/4 levels left

rFire    . . .     SeeInvis .   a - +0 hand axe
rCold    . . .     Faith    .   (no shield)
rNeg     . . .     Spirit   .   g - +0 ring mail
rPois    .         Reflect  .   (helmet restricted)
rElec    .         Harm     .   m - +2 cloak
rCorr    .         Rampage  .   (no gloves)
Will     .....                  (no boots)
Stlth    +.........             (no amulet)
HPRegen  0.16/turn              (no ring)
MPRegen  0.09/turn              (no ring)

@: lethally poisoned (-2 -> -3)
A: retaliatory headbutt, horns 2
a: Renounce Religion, Berserk, Trog's Hand


You were on level 3 of the Dungeon.
You worshipped Trog.
Trog was pleased with you.
You visited 1 branch of the dungeon, and saw 3 of its levels.

You collected 148 gold pieces.

Inventory:

Hand Weapons
 a - a +0 hand axe (weapon)
Missiles
 i - 22 poisoned darts
Armour
 g - a +0 ring mail (worn)
 m - a +2 cloak (worn)
Scrolls
 b - 7 scrolls of identify {unknown}
 c - 2 scrolls of remove curse {unknown}
 e - a scroll of enchant armour {unknown}
 h - a scroll of fog {unknown}
 j - a scroll of enchant weapon {unknown}
 k - a scroll of teleportation {unknown}
 n - a scroll of magic mapping {unknown}
 o - 2 scrolls of amnesia {unknown}
Potions
 d - a potion of lignification {unknown}
 f - a potion of magic {unknown}
 l - a potion of ambrosia {unknown}
 p - a potion of curing {unknown}
 q - a potion of resistance {unknown}


   Skills:
 + Level 5.0 Fighting
 * Level 6.2 Axes
 - Level 2.4 Armour
 - Level 2.1 Dodging


You had 4 spell levels left.
You didn't know any spells.
Your spell library was empty.

Dungeon Overview and Level Annotations

Branches:
Dungeon (3/15)

Altars:
Wu Jian
The Shining One


Innate Abilities, Weirdness & Mutations

You reflexively headbutt those who attack you in melee.
You have a pair of horns on your head.


Message History

Items here: ( ) [ †.
You barely miss the orc. Your headbutt misses the orc.
The orc is heavily wounded.
You closely miss the orc. The orc hits you but does no damage.
The orc hits you with a +0 trident.
* * * LOW HITPOINT WARNING * * *
You hit the orc but do no damage. Your headbutt misses the orc.
The orc is heavily wounded.
You closely miss the orc.
You feel sick. The orc hits you but does no damage. x2
You hit the orc.
You kill the orc!
Trog accepts your kill.
You closely miss the orc. You closely miss the orc.
Your headbutt misses the orc. The orc hits you with a +0 trident!
* * * LOW HITPOINT WARNING * * *
You hit the orc.
The orc is lightly wounded.
You feel sick. The orc hits you with a +0 trident.
You die...

###.#......#..#.##....
.!+...#####.......##....
....## #...#.####....
♣..####......# #....
♣♣..........#...#....
♣?.(#######.#<#.#####
♣♣♣(## ##.###.#
♣♣♣†##...... # ♣.)@)..#
.## ♣♣o......# ♣...###.#
....# .. ♣...## ...##
####


You could see an orc.

Vanquished Creatures
  6 gnolls (D:3)
  3 adders
  3 oozes
  2 worms (D:2)
  A leopard gecko (D:1)
  4 orcs (D:3)
  4 goblins
  7 hobgoblins
  4 jackals (D:3)
  8 kobolds
  A ball python (D:3)
  7 bats
  4 frilled lizards
  7 rats
61 creatures vanquished.

Notes
Turn   | Place    | Note
-------+----------+-------------------------------------------
     0 | D:1      | XxsatanxX the Minotaur Berserker began the quest for the
                  | Orb.
     0 | D:1      | Reached XP level 1. HP: 19/19 MP: 0/0
   134 | D:1      | Reached skill level 4 in Axes
   180 | D:1      | Reached XP level 2. HP: 26/27 MP: 1/1
   907 | D:2      | Reached XP level 3. HP: 32/33 MP: 2/2
   920 | D:2      | Found a glowing golden altar of the Shining One.
   929 | D:2      | Reached skill level 5 in Axes
  1467 | D:3      | Reached ** piety under Trog
  1498 | D:3      | Reached XP level 4. HP: 36/41 MP: 3/3
  1616 | D:3      | Found an ornate altar of the Wu Jian Council.
  1683 | D:3      | Reached skill level 6 in Axes
  1833 | D:3      | Reached skill level 5 in Fighting
  1833 | D:3      | Reached XP level 5. HP: 43/48 MP: 4/4
  1850 | D:3      | Slain by an orc

Illustrated notes

Levels and vault maps discovered:
D:1:      dpeg_arrival_another_circle, layout_loops_ring, serial_forest,
          infiniplex_forest_3_way, infiniplex_forest_straight_4,
          infiniplex_forest_clump_medium, infiniplex_forest_clump_double,
          infiniplex_forest_lined_room_3, infiniplex_forest_3_way,
          infiniplex_forest_clump_large
D:2:      layout_loops_ring, tso_metal_star
D:3:      cheibrodos_old_hovel, layout_basic, pdpol_wu_jian_five_deadly_venoms,
          chequers_ecumenical_altar_grove, minmay_fractal_squares_5

Skill      XL: |  1  2  3  4 |
---------------+-------------+-----
Axes           | 4 5 6 |  6.2
Fighting       | 4 5 |  5.0
Armour         | |  2.4
Dodging        | |  2.1

Action                   |  1- 3 |  4- 6 || total
-------------------------+-------+-------++-------
Melee: Hand axe          |    71 |    45 ||   116
       Headbutt          |     8 |     9 ||    17
Invok: Berserk           |     1 |     1 ||     2
Armor: Animal skin       |     8 |       ||     8
       Ring mail         |    19 |    30 ||    49
Dodge: Dodged            |    42 |    29 ||    71
